 Dungeon Crawl Stone Soup version 0.22.1-2-g9c5b331 (webtiles) character file.

233 Fang the Chopper (level 6, 0/38 HPs)
             Began as a Gargoyle Berserker on Nov 29, 2018.
             Was a Priest of Trog.
             Killed from afar by Sigmund (14 damage)
             ... with a puff of flame
             ... on level 4 of the Dungeon.
             The game lasted 00:03:13 (2011 turns).

Fang the Chopper (Gargoyle Berserker)               Turns: 2011, Time: 00:03:13

Health: 0/38       AC: 13    Str: 22    XL:     6   Next: 5%
Magic:  6/6        EV:  6    Int:  8    God:    Trog [***...]
Gold:   219        SH:  0    Dex:  9    Spells: 5/5 levels left

rFire    . . .     SeeInvis .   a - +0 hand axe
rCold    . . .     Gourm    .   (no shield)
rNeg     + . .     Faith    .   j - +0 chain mail
rPois    ∞         Spirit   .   (no helmet)
rElec    +         Reflect  .   (no cloak)
rCorr    .         Harm     .   (no gloves)
MR       .....                  (no boots)
Stlth    ..........             (no amulet)
HPRegen  0.12/turn              e - -2 ring of evasion (curse)
MPRegen  0.10/turn              (no ring)

@: confused, berserk cooldown, slowed, very slow
A: negative energy resistance 1, electricity resistance, unbreathing,
petrification resistance, rot immunity, AC +4
a: Berserk, Trog's Hand, Renounce Religion


You were on level 4 of the Dungeon.
You worshipped Trog.
Trog was most pleased with you.
You were near starving.

You visited 1 branch of the dungeon, and saw 4 of its levels.

You collected 219 gold pieces.

Inventory:

Hand Weapons
 a - a +0 hand axe (weapon)
Armour
 j - a +0 chain mail (worn)
Jewellery
 e - a cursed -2 ring of evasion (left hand)
Scrolls
 b - 5 scrolls of remove curse {unknown}
 d - 6 scrolls of identify {unknown}
 f - a scroll of fog {unknown}
 g - a scroll of immolation {unknown}
 h - a scroll of magic mapping {unknown}
 l - a scroll of amnesia {unknown}
 n - a scroll of teleportation {unknown}
 o - a scroll of blinking {unknown}
 q - a scroll of random uselessness {unknown}
Potions
 i - a potion of curing {unknown}
 k - 2 potions of flight {unknown}
 m - a potion of haste {unknown}
 p - a potion of lignification {unknown}
Comestibles
 c - 4 rations


   Skills:
 + Level 4.1 Fighting
 + Level 4.8 Axes
 + Level 2.9 Armour
 + Level 2.2 Dodging
 + Level 0.9 Stealth


You had 5 spell levels left.
You didn't know any spells.
Your spell library was empty.

Dungeon Overview and Level Annotations

Branches:
Dungeon (4/15)
 Temple: D:4-7

Altars:

Annotations:
D:4 1 runed door, Sigmund; tHOMAAAS's ghost, amateur OgHu


Innate Abilities, Weirdness & Mutations

You are resistant to torment.
Your stone body is resilient. (AC +4)
You are immune to poison.
You resist negative energy. (rN+)
You are resistant to electric shocks. (rElec)
You can survive without breathing.
You are immune to petrification.
You are immune to rotting.


Message History

You are no longer berserk.
You are exhausted.
You feel yourself slow down. Something hits you.
You miss something.
You hear some strange, mumbled words.
A puff of flame appears from out of thin air!
The puff of flame misses you.
You barely miss something.
You hear some strange, mumbled words.
You are confused.
You bump into the rock wall.
You hear some strange, mumbled words.
A puff of flame appears from out of thin air!
The puff of flame hits you! Something hits you! Something hits you.
You bump into the rock wall.
You hear some strange, mumbled words.
A puff of flame appears from out of thin air!
The puff of flame hits you!
You die...

#..#+# #..##.##
..##$..# .##.....
##.#W.%♣!. #
#..##....( ##.#
#{..##...#
##....###.#..##⌠##
.......<@.....###.
##....######......
##.. ..... #. ##.#
#. # #. #


You could see tHOMAAAS's ghost.

Vanquished Creatures
  2 orc wizards (D:3)
  An orc priest (D:3)
  Jessica (D:2)
  Robin (D:2)
  An adder (D:3)
  An adder zombie (D:3)
  A worm (D:2)
  A dart slug (D:3)
  2 leopard geckos (D:3)
  8 orcs (D:3)
  6 giant cockroaches
  21 goblins
  9 hobgoblins
  A quokka (D:2)
  A ball python (D:1)
  5 bats
  2 frilled lizards
  9 kobolds
  4 rats
77 creatures vanquished.

Notes
Turn   | Place    | Note
-------+----------+-------------------------------------------
     0 | D:1      | Fang the Gargoyle Berserker began the quest for the Orb.
     0 | D:1      | Reached XP level 1. HP: 14/14 MP: 1/1
    95 | D:1      | Reached XP level 2. HP: 14/19 MP: 2/2
   597 | D:2      | Reached XP level 3. HP: 20/23 MP: 3/3
   761 | D:2      | Noticed Jessica
   767 | D:2      | Killed Jessica
   767 | D:2      | Reached ** piety under Trog
   767 | D:2      | Reached XP level 4. HP: 27/28 MP: 4/4
   805 | D:2      | Noticed Robin
   821 | D:2      | Killed Robin
  1138 | D:3      | Reached XP level 5. HP: 27/33 MP: 5/5
  1380 | D:3      | Reached *** piety under Trog
  1416 | D:3      | Reached XP level 6. HP: 15/38 MP: 6/6
  1984 | D:4      | Noticed tHOMAAAS's ghost (amateur OgHu)
  1984 | D:4      | Noticed Sigmund
  1987 | D:4      | Found a runed door.
  2011 | D:4      | Killed from afar by Sigmund

Skill      XL: |  1  2  3  4  5 |
---------------+----------------+-----
Axes           | 3 4 |  4.8
Dodging        | 2 |  2.2
Fighting       | 4 |  4.1
Armour         | |  2.9
Stealth        | |  0.9

Action                   |  1- 3 |  4- 6 || total
-------------------------+-------+-------++-------
Melee: Hand axe          |   108 |   165 ||   273
Invok: Berserk           |       |     2 ||     2
 Stab: Sleeping          |     2 |       ||     2
  Eat: Chunk             |       |     4 ||     4
Armor: Animal skin       |    21 |       ||    21
       Ring mail         |    20 |       ||    20
       Chain mail        |    29 |   108 ||   137
Dodge: Dodged            |    50 |    39 ||    89
